cohdb
Replays
Latest Replays
All Replays
Popular Replays
Top Player Replays
Match Explorer
How It Works
Community
CoH3 Stats
Reddit
Sign in to upload your games and track your stats! →
Sign in with Steam
Match 43693069
Unlisted
Match 43693069
Overview
Messages
Build Orders
End
Panzergrenadier Squad
250 Light Carrier
Selects Panzerjäger Kommand Battlegroup
Selects Mine Fields
Panzergrenadier Squad
Selects Tank Busters
Construct Light Support Kompanie
250 Light Carrier
Fire Support Elements
2.5-tonne Medical Truck
MG34 Team
Assault Mechanized Group
Combat Half-tracks
Selects Defensive Positions
Flakvierling Half-track
Veteran Squad Leaders
Construct Mechanized Kompanie
Selects Crew Shock Tactics
Selects Butterfly Bomb Drop
Butterfly Bomb Drop
Marder III Tank Destroyer
Selects Crew Shock Tactics
Flakvierling Half-track
Construct Panzerarmee Kommand
Pak 38 Anti-tank Gun Team
Pak 38 Mechanized Group
galoManco
Joraad
Jango_BR
Salah Adin
AZ
eSprex
marcelix
376960781
0
0
Comments
sign in to comment!
No comments posted yet!